 Dungeon Crawl Stone Soup version 0.20.1-1-g8b1a95d (webtiles) character file.

1401 ClockworkOrrery the Cudgeler (level 8, -4/51 HPs)
             Began as a Gargoyle Fighter on Aug 26, 2017.
             Was a Follower of Ashenzari.
             Slain by an ice beast (12 damage)
             ... on level 7 of the Dungeon.
             The game lasted 00:19:42 (5847 turns).

ClockworkOrrery the Cudgeler (Gargoyle Fighter)     Turns: 5847, Time: 00:19:42

Health: -4/51      AC: 18    Str: 20      XL:     8   Next: 69%
Magic:  3/8        EV:  6    Int: 11      God:    Ashenzari [*.....]
Gold:   314        SH: 11    Dex: 11 (12) Spells: 4/7 levels left

rFire    . . .     SeeInvis +   I - staff of earth (curse)
rCold    . . .     Gourm    .   c - +1 shield
rNeg     + . .     Faith    .   B - +0 chain mail
rPois    ∞         Spirit   .   (no helmet)
rElec    +         Reflect  .   (no cloak)
rCorr    .         Harm     .   u - +2 pair of gloves {Dex+3}
MR       .....                  (no boots)
Stlth    ..........             (no amulet)
Regen    0.2/turn               h - ring of see invisible
MPRegen  0.2/turn               k - ring of wizardry

@: slowed, very slow
A: negative energy resistance 1, electricity resistance, unbreathing,
petrification resistance, rot immunity, AC +5
a: Curse Item, Scrying, Renounce Religion


You were on level 7 of the Dungeon.
You worshipped Ashenzari.
Ashenzari was aware of your devotion.
You were not hungry.

You visited 2 branches of the dungeon, and saw 8 of its levels.

You collected 314 gold pieces.

Inventory:

Armour
 c - a +1 shield (worn)
 u - a +2 pair of gloves of dexterity (worn)
 B - a +0 chain mail (worn)
Magical Staves
 I - a cursed staff of earth (weapon)
Jewellery
 h - a ring of see invisible (left hand)
 k - a ring of wizardry (right hand)
 r - an uncursed ring of ice
 y - an uncursed ring of magical power
Wands
 l - a wand of disintegration (7/24)
 A - a wand of iceblast (7/15)
 H - a wand of lightning (9/15)
Scrolls
 g - 8 scrolls of identify
 n - 8 scrolls of teleportation
 o - a scroll of remove curse
 v - a scroll of fear {unknown}
 D - a scroll of enchant weapon
Potions
 b - a potion of brilliance {unknown}
 d - 2 potions of might
 e - a potion of agility {unknown}
 m - 2 potions of heal wounds {unknown}
 p - a potion of cancellation {unknown}
 q - 2 potions of mutation {unknown}
 s - a potion of berserk rage {unknown}
 x - a potion of degeneration {unknown}
 z - 2 potions of lignification {unknown}
 E - 2 potions of curing {unknown}
Books
 j - a book of Misfortune

   Spells                             Type                      Level
   a - Confusing Touch                Hexes                        1
   b - Confuse                        Hexes                        3
   c - Gell's Gravitas                Translocation                3
   d - Petrify                        Transmutation/Earth          4
   e - Metabolic Englaciation         Hexes/Ice                    5
   f - Yara's Violent Unravelling     Hexes/Transmutation          5
 G - a book of Necromancy

   Spells                             Type                      Level
   a - Pain                           Necromancy                   1
   b - Animate Skeleton               Necromancy                   1
   c - Vampiric Draining              Necromancy                   3
   d - Regeneration                   Charms/Necromancy            3
   e - Animate Dead                   Necromancy                   4
   f - Control Undead                 Necromancy                   4
Comestibles
 f - 7 bread rations
 i - 7 meat rations
 C - 3 royal jellies
 F - 2 chunks of flesh


   Skills:
 + Level 5.8 Fighting
   Level 7.1 Maces & Flails
 * Level 0.8(4.4) Staves
 + Level 5.8 Armour
 + Level 5.8 Shields
 * Level 0.5 Evocations


You had 4 spell levels left.
You knew the following spells:

 Your Spells              Type           Power        Failure   Level  Hunger
a - Regeneration          Chrm/Necr      #.........   100%        3    ####...


Dungeon Overview and Level Annotations

Branches:
Dungeon (7/15)             Temple (1/1) D:4

Altars:
Ashenzari
Cheibriados
Dithmenos
Elyvilon
Fedhas
Gozag
Hepliaklqana
Kikubaaqudgha
Makhleb
Nemelex Xobeh
Okawaru
Qazlal
Ru
Sif Muna
Trog
Uskayaw
Vehumet
Xom
Yredelemnul
Zin
The Shining One


Innate Abilities, Weirdness & Mutations

You are resistant to torment.
Your stone body is resilient. (AC +5)
You are immune to poison.
You resist negative energy. (rN+)
You are resistant to electric shocks. (rElec)
You can survive without breathing.
You are immune to petrification.
You are immune to rotting.


Message History

The ice beast hits you but does no damage.
The orc wizard hits you but does no damage.
You block the ice beast's attack.
You hit the ice beast but do no damage.
The ice beast is heavily wounded.
The orc wizard hits you with an antimagic mace.
* * * LOW HITPOINT WARNING * * *
You feel your power leaking away.
The ice beast hits you but does no damage.
You hit the ice beast.
The ice beast is heavily wounded.
You block the ice beast's attack. You block the orc wizard's attack.
You block the ice beast's attack.
The orc wizard hits you but does no damage.
You closely miss the ice beast.
The ice beast is heavily wounded.
The ice beast hits you.
* * * LOW HITPOINT WARNING * * *
The ice beast freezes you!
You die...

#################.#
#
#.oo@Yoo.>(..?....#
#
#..########.#####.#
# #######.)#####
#.# #.............#
... ..
####..####.#####.#
...# #..#
#......###.# .....
#... #._.....##.#
...... ##.#
#........#.#
....o.. #.#
##......##.# #.#


You could see an ice beast, an orc wizard and 3 orcs.

Vanquished Creatures
  A hippogriff (D:7)
  Menkaure (D:4)
  A water moccasin (D:5)
  An ogre (D:4)
  3 bullfrogs
  A scorpion (D:5)
  A howler monkey (D:3)
  2 crimson imps
  A bullfrog zombie (D:5)
  A quasit (D:7)
  2 hounds
  A jelly (D:7)
  2 bullfrog skeletons (D:5)
  An orc priest (D:3)
  An iguana (D:4)
  3 worker ants
  2 hound zombies
  A hound skeleton (D:7)
  A worker ant zombie (D:6)
  3 gnolls (D:6)
  8 adders
  2 oozes
  3 adder skeletons
  3 dart slugs
  3 leopard geckos
  5 orcs
  2 ball pythons
  4 bats
  4 giant cockroaches
  6 hobgoblins
  5 jackals
  4 quokkas
  3 frilled lizards
  5 goblins
  A jackal skeleton (D:4)
  8 kobolds
  A leopard gecko skeleton (D:5)
  A quokka zombie (D:6)
  A rat (D:1)
99 creatures vanquished.

Vanquished Creatures (others)
  A ball python (D:1)
1 creature vanquished.

Grand Total: 100 creatures vanquished

Notes
Turn   | Place    | Note
-------+----------+-------------------------------------------
     0 | D:1      | ClockworkOrrery the Gargoyle Fighter began the quest for the Orb.
     0 | D:1      | Reached XP level 1. HP: 14/14 MP: 1/1
   272 | D:1      | Reached XP level 2. HP: 16/19 MP: 2/2
   922 | D:1      | Reached XP level 3. HP: 20/23 MP: 3/3
  2198 | D:3      | Reached skill level 3 in Maces & Flails
  2219 | D:3      | Reached XP level 4. HP: 26/29 MP: 4/4
  2847 | D:3      | Reached XP level 5. HP: 33/33 MP: 5/5
  3052 | D:4      | Noticed an ogre
  3069 | D:4      | Killed an ogre
  3069 | D:4      | Reached skill level 4 in Maces & Flails
  3069 | D:4      | Reached XP level 6. HP: 38/38 MP: 6/6
  3212 | D:4      | Found a staircase to the Ecumenical Temple.
  3225 | Temple   | Entered the Ecumenical Temple
  3315 | Temple   | Became a worshipper of Ashenzari the Shackled
  3601 | D:4      | Noticed Menkaure
  3612 | D:4      | Killed Menkaure
  4021 | D:4      | Reached skill level 5 in Maces & Flails
  4021 | D:4      | Reached XP level 7. HP: 44/44 MP: 7/7
  4036 | D:5      | Entered Level 5 of the Dungeon
  4103 | D:5      | Reached * piety under Ashenzari
  4236 | D:5      | Reached skill level 5 in Armour
  4398 | D:5      | Reached skill level 5 in Shields
  4449 | D:5      | Reached skill level 5 in Fighting
  4605 | D:6      | Reached skill level 6 in Maces & Flails
  4938 | D:6      | Reached XP level 8. HP: 44/49 MP: 8/8
  5165 | D:7      | Noticed a hippogriff
  5171 | D:7      | Killed a hippogriff
  5452 | D:7      | Learned a level 3 spell: Regeneration
  5539 | D:7      | Reached skill level 7 in Maces & Flails
  5763 | D:7      | Found a snail-covered altar of Cheibriados.
  5847 | D:7      | Slain by an ice beast

Skill      XL: |  1  2  3  4  5  6  7  8 |
---------------+-------------------------+-----
Maces & Flails | 3 4 5 6 7 |  7.1
Shields        | 4 5 |  5.8
Armour         | 4 5 |  5.8
Fighting       | 4 5 |  5.8
Staves         | |  0.8
Evocations     | |  0.5

Action                   |  1- 3 |  4- 6 |  7- 9 || total
-------------------------+-------+-------+-------++-------
Melee: Flail             |   144 |    26 |       ||   170
       Hand axe          |       |    74 |   186 ||   260
       Staff             |       |       |    50 ||    50
  Use: Scroll            |       |    11 |     1 ||    12
  Eat: Chunk             |     4 |     5 |     5 ||    14
       Royal jelly       |       |       |     1 ||     1
Armor: Scale mail        |    82 |    20 |       ||   102
       Chain mail        |       |    23 |   173 ||   196
Dodge: Dodged            |    53 |    22 |    58 ||   133
Block: Shield            |    85 |    62 |   130 ||   277
